 Dungeon Crawl Stone Soup version 0.26.0-10-g1f06aea511 (webtiles) character file.

Game seed: 17138963959440883201

185506 Zdeegee the Peltast (level 17, 0/156 HPs)
             Began as a Minotaur Fighter on Jan 13, 2021.
             Was the Champion of Okawaru.
             Hit by a silver javelin thrown by a merfolk javelineer (3 damage)
             ... on level 4 of the Shoals.
             The game lasted 01:27:52 (38942 turns).

Zdeegee the Peltast (Minotaur Fighter)             Turns: 38942, Time: 01:27:53

Health: 0/156      AC: 25    Str: 45    XL:     17   Next: 41%
Magic:  19/23      EV: 13    Int:  3    God:    Okawaru [******]
Gold:   877        SH: 23    Dex: 15    Spells: 14/16 levels left

rFire    + . .     SeeInvis .   a - +7 flail of Distraction {freeze, +Rage rC+ rN+ Str+4 Int-2}
rCold    + + .     Faith    .   Y - +0 kite shield
rNeg     + + .     Spirit   .   N - +2 storm dragon scales
rPois    .         Reflect  +   T - +0 hat of Negligence {Str+8}
rElec    +         Harm     .   Q - +0 cloak
rCorr    .         Rampage  .   u - +0 pair of gloves {Str+3}
Will     ++...                  L - +1 pair of boots "Deusasmico" {rF+ Stlth+}
Stlth    ..........             w - amulet of reflection
HPRegen  0.36/turn              j - ring of willpower
MPRegen  0.18/turn              x - ring of Cimifeal {rC+ rN+ Str+3 Dex+4 Slay-2}

@: about to teleport, finesse, studying Armour
A: retaliatory headbutt, horns 2
}: 1/15 runes: barnacled
a: Renounce Religion, Evoke Berserk Rage, Heroism, Finesse


You were on level 4 of the Shoals.
You worshipped Okawaru.
Okawaru was exalted by your worship.
You visited 5 branches of the dungeon, and saw 28 of its levels.
You visited 1 bazaar.
You also visited: Sewer, Ossuary and Gauntlet.

You collected 4376 gold pieces.
You spent 3499 gold pieces at shops.

Inventory:

Hand Weapons
 a - the +7 flail of Distraction (weapon) {freeze, +Rage rC+ rN+ Str+4 Int-2}
   (You took it off a red devil on level 4 of the Dungeon)

   It has been specially enchanted to freeze those struck by it, causing extra
   injury to most foes and up to half again as much damage against particularly
   susceptible opponents.
   It can also slow down cold-blooded creatures.
   It affects your strength (+4).
   It affects your intelligence (-2).
   It protects you from cold.
   It protects you from negative energy.
   It lets you go berserk.
 b - a +0 hand crossbow of venom
 c - the +10 lance "Wyrmbane" {slay drac, rPois rF+ rC+ AC+3}
   (You took it off Maggie on level 8 of the Dungeon)

   It affects your AC (+3).
   It protects you from fire.
   It protects you from cold.
   It protects you from poison.
 d - the +6 war axe "Jeneja" {protect, +Fly rPois MP-9}
   (Okawaru gifted it to you on level 2 of the Lair of Beasts)

   It grants its wielder temporary protection when it strikes (+7 to AC).
   It protects you from poison.
   It affects your magic capacity (-9).
   It lets you fly.
 e - the +3 hand axe "Futaogy" {flame, *Slow +Blink Int+4}
   (You bought it in a shop in a bazaar)

   It has been specially enchanted to burn those struck by it, causing extra
   injury to most foes and up to half again as much damage against particularly
   susceptible opponents.
   Big, fiery blades are also staple armaments of hydra-hunters.
   It affects your intelligence (+4).
   It lets you blink.
   It may slow you when you take damage.
 F - the +6 demon whip of the First Eyes {drain, rPois rF+ Stlth+}
   (You bought it in a shop on level 2 of the Orcish Mines)

   A truly terrible weapon, it drains the life of those it strikes.
   It protects you from fire.
   It protects you from poison.
   It makes you more stealthy.
Missiles
 n - 6 throwing nets (quivered)
 X - 78 bolts
Armour
 q - a +4 plate armour of cold resistance
 u - a +0 pair of gloves of strength (worn)
 L - the +1 pair of boots "Deusasmico" (worn) {rF+ Stlth+}
   (Okawaru gifted it to you on level 8 of the Dungeon)

   It protects you from fire.
   It makes you more stealthy.
 N - +2 storm dragon scales (worn)
 Q - a +0 cloak (worn)
 T - the +0 hat of Negligence (worn) {Str+8}
   (Okawaru gifted it to you on level 4 of the Shoals)

   It affects your strength (+8).
 Y - a +0 kite shield (worn)
Jewellery
 g - an uncursed ring of resist corrosion
 j - a ring of willpower (left hand)
 k - an uncursed ring of protection from fire
 w - an amulet of reflection (around neck)
 x - the ring of Cimifeal (right hand) {rC+ rN+ Str+3 Dex+4 Slay-2}
   (You found it on level 6 of the Lair of Beasts)

   [ring of positive energy]

   It affects your strength (+3).
   It affects your dexterity (+4).
   It affects your accuracy and damage with ranged weapons and melee attacks
   (-2).
   It protects you from cold.
   It protects you from negative energy.
 y - an uncursed ring of poison resistance
 U - the ring "Rayd" {*Corrode rF+ Int+8 Slay+5 SInv}
   (You acquired it on level 2 of the Orcish Mines)

   [ring of protection from fire]

   It affects your intelligence (+8).
   It affects your accuracy and damage with ranged weapons and melee attacks
   (+5).
   It protects you from fire.
   It lets you see invisible.
   It may corrode you when you take damage.
Wands
 t - a wand of polymorph (19)
 C - a wand of flame (22)
 E - a wand of iceblast (21)
 H - a wand of paralysis (10)
 S - a wand of acid (49)
 Z - a wand of disintegration (24)
Scrolls
 f - 20 scrolls of remove curse
 h - 3 scrolls of enchant armour
 i - 10 scrolls of teleportation
 m - 5 scrolls of fog
 v - 4 scrolls of fear
 B - 3 scrolls of identify
 J - 6 scrolls of magic mapping
 K - a scroll of holy word
 P - 2 scrolls of blinking
Potions
 l - a potion of ambrosia
 o - 5 potions of mutation
 p - 8 potions of haste
 s - a potion of resistance
 z - 11 potions of curing
 A - a potion of berserk rage
 D - 2 potions of cancellation
 G - 7 potions of heal wounds
 I - 5 potions of brilliance
 M - 4 potions of might
 V - 6 potions of flight
Books
 R - a manual of Armour
Miscellaneous
 r - a condenser vane
 O - a lightning rod (4/4)
 W - a phial of floods


   Skills:
 * Level 15.5 Fighting
 + Level 10.7(13.7) Axes
 + Level 12.8(14.2) Maces & Flails
 + Level 6.8(9.7) Polearms
 + Level 3.2 Crossbows
 * Level 16.8 Armour
 + Level 5.1 Dodging
 * Level 17.8 Shields
 + Level 1.4 Unarmed Combat
 + Level 0.2 Translocations
 * Level 10.2 Invocations
 * Level 10.1 Evocations


You had 14 spell levels left.
You knew the following spells:

 Your Spells              Type           Power        Failure   Level
a - Blink                 Tloc           N/A          88%         2

Your spell library contained the following spells:

 Spells                   Type           Power        Failure   Level
 Beastly Appendage        Tmut           0%           78%         1
 Magic Dart               Conj           0%           78%         1
 Sandblast                Erth           0%           78%         1
 Summon Small Mammal      Summ           0%           78%         1
 Call Imp                 Summ           0%           89%         2
 Passwall                 Tmut/Erth      0%           89%         2
 Searing Ray              Conj           0%           89%         2
 Slow                     Hex            0%           89%         2
 Wereblood                Tmut           0%           89%         2
 Call Canine Familiar     Summ           0%           98%         3
 Conjure Flame            Conj/Fire      0%           98%         3
 Dazzling Flash           Conj/Hex       0%           98%         3
 Mephitic Cloud           Conj/Pois/Air  0%           98%         3
 Spider Form              Tmut/Pois      0%           98%         3
 Static Discharge         Conj/Air       0%           98%         3
 Stone Arrow              Conj/Erth      0%           98%         3
 Summon Guardian Golem    Hex/Summ       0%           98%         3
 Fulminant Prism          Conj/Hex       0%           100%        4
 Ice Form                 Ice/Tmut       0%           100%        4
 Iskenderun's Mystic Bla  Conj/Tloc      0%           100%        4
 Leda's Liquefaction      Hex/Erth       0%           100%        4
 Petrify                  Tmut/Erth      0%           100%        4
 Summon Ice Beast         Ice/Summ       0%           100%        4
 Summon Lightning Spire   Summ/Air       0%           100%        4
 Blade Hands              Tmut           0%           100%        5
 Bolt of Magma            Conj/Fire/Erth 0%           100%        5
 Iskenderun's Battlesphe  Conj           0%           100%        5
 Lee's Rapid Deconstruct  Erth           0%           100%        5
 Lightning Bolt           Conj/Air       0%           100%        5
 Iron Shot                Conj/Erth      0%           100%        6
 Statue Form              Tmut/Erth      0%           100%        6
 Haunt                    Necr/Summ      0%           100%        7
 Orb of Destruction       Conj           0%           100%        7
 Spellforged Servitor     Conj/Summ      0%           100%        7
 Borgnjor's Revivificati  Necr           0%           100%        8
 Ignition                 Fire           0%           100%        8
 Infestation              Necr           0%           100%        8
 Necromutation            Tmut/Necr      0%           100%        8
 Death's Door             Necr           0%           100%        9
 Shatter                  Erth           0%           100%        9
 Tornado                  Air            0%           100%        9


Dungeon Overview and Level Annotations

Branches:
Dungeon (15/15)            Temple (1/1) D:4            Lair (6/6) D:9
 Shoals (4/4) Lair:4        Snake (0/4) Lair:3        Slime (0/5) Lair:5
    Orc (2/2) D:10            Elf (0/3) Orc:2        Vaults (0/5) D:14
 Depths (0/5) D:15          Sewer (visited)         Ossuary (visited)
Gauntlet (visited)

Altars:
Ashenzari
Cheibriados
Dithmenos
Elyvilon
Fedhas
Gozag
Hepliaklqana
Kikubaaqudgha
Makhleb
Nemelex Xobeh
Okawaru
Qazlal
Ru
Sif Muna
Trog
Uskayaw
Vehumet
Wu Jian
Xom
Yredelemnul
Zin
The Shining One
Jiyva

Shops:
D:4 [   D:7 }   Orc:2 ([*=*   Shoals:3 *   Shoals:4 !


Innate Abilities, Weirdness & Mutations

You reflexively headbutt those who attack you in melee.
You have a pair of horns on your head.


Message History

You feel much better.
The merfolk javelineer throws a silver javelin.
The silver javelin pierces through you but does no damage.
* * * LOW HITPOINT WARNING * * *
You block the merfolk's attack.
The merfolk javelineer throws a silver javelin.
The silver javelin pierces through you!
* * * LOW HITPOINT WARNING * * *
x2 You hear a splash.
As you read the scroll of teleportation, it crumbles to dust.
You feel strangely unstable.
You block the merfolk aquamancer's attack.
The merfolk javelineer throws a silver javelin.
The silver javelin pierces through you!
* * * LOW HITPOINT WARNING * * *
x2 You block the merfolk's attack.
The merfolk javelineer throws a silver javelin.
The silver javelin pierces through you!
* * * LOW HITPOINT WARNING * * *
You die...

≈≈≈≈≈≈≈.##≈m.≈H ##...[....
≈≈≈≈≈≈≈.#≈..≈≈ #.≈......
≈≈≈≈≈≈≈.#..#≈# ≈ #≈≈≈..###
≈≈≈≈≈≈≈.#..≈≈##H. #≈≈≈...##
≈≈≈≈≈≈≈.#.#.≈≈m≈.≈#≈≈≈≈≈≈≈.
≈≈≈≈≈≈≈.#...≈≈#≈.≈#≈≈≈≈≈≈≈≈
≈≈≈≈≈≈≈(.#..#≈≈≈≈##≈≈≈≈≈.≈≈
≈≈≈≈≈≈≈..m#mm≈≈≈##≈≈≈≈≈..≈≈
≈≈≈≈≈≈≈(.m@######≈≈≈≈≈≈≈≈≈≈
≈≈≈≈≈≈≈≈≈≈)≈≈≈≈≈≈≈≈≈≈≈≈≈≈≈.
≈≈≈≈≈≈≈≈≈≈≈†≈≈≈≈≈≈≈≈≈≈≈...#
≈≈≈≈≈≈≈≈≈≈≈≈≈≈≈≈≈≈≈≈≈....##
≈≈≈≈≈≈≈≈≈≈≈≈≈≈≈≈≈≈≈≈≈.####
≈≈≈≈≈≈≈≈≈≈≈≈≈≈≈≈≈≈≈..#
≈≈≈≈≈≈≈≈≈≈≈≈≈≈≈≈≈≈..# ###
≈≈≈≈≈≈≈≈≈≈≈≈≈≈≈≈≈≈.##≈≈≈
≈≈≈≈≈≈≈≈≈≈≈≈≈≈≈≈≈≈##≈...


You could see 2 merfolk javelineers, a merfolk aquamancer and a merfolk.

Vanquished Creatures
  Jorgrun (Orc:1)
  Polyphemus (Shoals:4)
  A kraken (Shoals:4)
  Gastronok (Orc:1)
  Donald (Shoals:4)
  A fire giant (D:15)
  Aizul (Shoals:1)
  An orc warlord (Orc:2)
  A stone giant (Orc:1)
  A minotaur (Gauntlet)
  5 merfolk javelineers
  2 ettins
  5 merfolk impalers
  A fire dragon (D:15)
  Josephine (D:14)
  Erolcha (Orc:1)
  A vault guard (D:14)
  Fannar (Orc:1)
  12 hydras
  Harold (D:8)
  An alligator snapping turtle (Shoals:3)
  4 boulder beetles
  2 catoblepae
  3 centaur warriors
  9 death yaks
  Erica (D:8)
  2 merfolk avatars
  6 two-headed ogres
  2 merfolk aquamancers (Shoals:4)
  4 satyrs
  A death knight (D:14)
  4 orc high priests (Orc:2)
  4 slime creatures (D:15)
  3 unseen horrors
  10 sea snakes
  2 lindwurms (Lair:6)
  A phantasmal warrior (D:14)
  Pikel (D:6)
  2 deep elf magi (D:15)
  An orb spider (shapeshifter) (D:14)
  21 harpies
  4 oklob plants (Lair:5)
  3 orc knights (Orc:2)
  6 fauns
  A wolf spider zombie (D:15)
  5 orc sorcerers (Orc:2)
  A wolf spider (D:15)
  10 manticores
  An ugly thing (D:11)
  6 cyclopes
  11 merfolk sirens
  Maurice (D:10)
  9 black mambas
  10 water nymphs
  A gargoyle (D:12)
  2 kobold demonologists (D:15)
  An eye of devastation (Gauntlet)
  13 cane toads
  2 centaur skeletons
  A torpor snail (Lair:3)
  2 freezing wraiths (D:14)
  2 rime drakes
  Maggie (D:8)
  13 komodo dragons
  2 efreet
  A red devil (D:4)
  5 trolls
  6 polar bears
  7 hornets
  21 merfolk
  A harpy skeleton (D:15)
  5 wind drakes
  9 snapping turtles
  28 blink frogs
  9 dream sheep
  A meliai zombie (D:15)
  A redback (shapeshifter) (D:13)
  13 spriggans (Lair:6)
  8 wyverns
  8 wraiths
  2 shadows
  8 water elementals
  2 vampires (D:14)
  64 yaks
  A steam dragon (Lair:3)
  Grum (D:9)
  A golden eye (Gauntlet)
  3 vampire mosquitoes (D:13)
  7 basilisks
  Edmund (D:5)
  3 wargs
  A soldier ant (D:12)
  23 water moccasins
  Duvessa (D:6)
  3 acid dragons (D:11)
  2 nagas (Lair:3)
  A floating eye (Gauntlet)
  2 ice beasts
  3 sky beasts
  33 orc warriors
  4 black bears
  2 necrophages
  5 phantoms
  An eye of draining (D:14)
  15 ogres
  5 boggarts (Lair:6)
  29 wolves
  The ghost of Cheops the Digger, an amateur DgEE (D:3)
  15 centaurs
  2 lemures (D:6)
  3 big kobolds
  A gnoll sergeant (D:9)
  22 bullfrogs
  Dowan (D:6)
  6 scorpions
  15 killer bees
  17 wights
  The ghost of Anias the Sneak, a weakling OpDe (D:5)
  3 electric eels (D:7)
  7 howler monkeys
  2 bullfrog zombies
  A quasit (D:8)
  7 centaur zombies
  4 hounds
  A human zombie (Ossuary)
  19 orc priests
  A gnoll shaman (D:10)
  3 jellies
  29 orc wizards
  3 bullfrog skeletons
  3 iguanas
  9 worker ants
  Terence (D:3)
  A big kobold zombie (Ossuary)
  A hound skeleton (D:10)
  3 mummies
  A worker ant zombie (D:10)
  11 gnolls
  10 adders
  A howler monkey skeleton (D:8)
  8 river rats (D:6)
  A shadow imp (D:5)
  2 white imps
  2 ufetubi
  3 oozes
  3 adder zombies (Ossuary)
  An adder skeleton (D:7)
  A worm (D:3)
  3 dart slugs
  7 leopard geckos
  99 orcs
  4 ball pythons
  6 bats
  9 giant cockroaches
  5 goblins
  10 hobgoblins
  22 jackals
  15 kobolds
  7 quokkas
  10 frilled lizards
  A giant cockroach zombie (D:6)
  2 goblin zombies (Ossuary)
  8 hobgoblin zombies (Ossuary)
  2 jackal skeletons
  A jackal zombie (Ossuary)
  9 kobold zombies (Ossuary)
  2 leopard gecko skeletons
  9 orc zombies (Ossuary)
  A quokka skeleton (D:6)
  A quokka zombie (D:7)
  32 rats
  2 rat zombies (Ossuary)
  5 tentacles
1076 creatures vanquished.

Vanquished Creatures (collateral kills)
  A killer bee (D:8)
1 creature vanquished.

Vanquished Creatures (others)
  A merfolk aquamancer (Shoals:4)
  2 manticores
  A centaur skeleton (D:14)
  Prince Ribbit (D:8)
  An orc priest (Orc:2)
  An orc (Orc:2)
  A kobold (D:15)
  25 fungi
  128 plants
  11 tentacles
172 creatures vanquished.

Grand Total: 1249 creatures vanquished

Notes
Turn   | Place    | Note
-------+----------+-------------------------------------------
     0 | D:1      | Zdeegee the Minotaur Fighter began the quest for the Orb.
     0 | D:1      | Reached XP level 1. HP: 19/19 MP: 0/0
   177 | D:1      | Reached XP level 2. HP: 27/27 MP: 1/1
   399 | D:1      | Reached skill level 4 in Shields
   506 | D:1      | Reached XP level 3. HP: 33/33 MP: 2/2
  1374 | D:2      | Found a shimmering blue altar of Sif Muna.
  1528 | D:3      | Found a large runed translucent door.
  1528 | D:3      | Found a large runed translucent door.
  1658 | D:3      | Reached XP level 4. HP: 35/41 MP: 3/3
  2244 | D:3      | Reached XP level 5. HP: 47/47 MP: 4/4
  2358 | D:3      | Noticed Terence
  2379 | D:3      | Killed Terence
  2464 | D:3      | Noticed Cheops's ghost (amateur DgEE)
  2551 | D:3      | Noticed a phantom
  2577 | D:3      | Killed a phantom
  2578 | D:3      | Reached skill level 5 in Shields
  2899 | D:3      | Killed Cheops's ghost
  2900 | D:3      | Reached skill level 5 in Armour
  2900 | D:3      | Reached XP level 6. HP: 20/55 MP: 5/5
  3255 | D:4      | Found Vyuts's Armour Emporium.
  3256 | D:4      | Found a glowing drain.
  3297 | Sewer    | Entered a sewer
  3416 | Sewer    | Reached skill level 1 in Dodging
  3555 | Sewer    | Reached skill level 5 in Fighting
  3625 | Sewer    | Reached skill level 5 in Axes
  4274 | D:4      | Found a glowing silver altar of Zin.
  4361 | D:4      | Reached XP level 7. HP: 34/61 MP: 6/6
  4562 | D:4      | Found a radiant altar of Vehumet.
  4617 | D:4      | Found a staircase to the Ecumenical Temple.
  4625 | Temple   | Entered the Ecumenical Temple
  4673 | Temple   | Became a worshipper of Warmaster Okawaru
  4714 | D:4      | Reached skill level 6 in Shields
  5198 | D:5      | Entered Level 5 of the Dungeon
  5245 | D:5      | Found a runed translucent gate.
  5249 | D:5      | Found a runed translucent gate.
  5249 | D:5      | Found a runed translucent gate.
  5249 | D:5      | Noticed Anias's ghost (weakling OpDe)
  5271 | D:5      | Killed Anias's ghost
  5290 | D:5      | Reached skill level 1 in Evocations
  5316 | D:5      | Reached * piety under Okawaru
  5558 | D:5      | Found an opulent altar of Gozag.
  5584 | D:5      | Reached XP level 8. HP: 69/69 MP: 7/7
  5830 | D:5      | Noticed Grinder
  5846 | D:5      | Paralysed by Grinder for 6 turns
  5855 | D:5      | Paralysed by Grinder for 2 turns
  5859 | D:5      | Noticed Grinder
  5859 | D:5      | Grinder changed into Grinder the red devil
  6121 | D:5      | Noticed Edmund
  6122 | D:5      | Identified the +7 flail of Distraction {freeze, +Rage rC+
                  | rN+ Str+4 Int-2}
  6398 | D:4      | Killed Grinder the red devil
  6398 | D:4      | Reached ** piety under Okawaru
  6416 | D:5      | Killed Edmund
  6879 | D:6      | Reached skill level 7 in Shields
  7076 | D:6      | Reached skill level 1 in Maces & Flails
  7143 | D:6      | Found a hazy altar of Hepliaklqana.
  7414 | D:6      | Noticed Blork the orc
  7415 | D:6      | Noticed Blork
  7415 | D:6      | Blork the orc changed into Blork the howler monkey
  7416 | D:6      | Noticed Dowan
  7416 | D:6      | Noticed Duvessa
  7420 | D:6      | Killed Blork the howler monkey
  7429 | D:6      | Reached XP level 9. HP: 59/78 MP: 5/8
  7436 | D:6      | Killed Duvessa
  7436 | D:6      | Reached *** piety under Okawaru
  7438 | D:6      | Killed Dowan
  7467 | D:6      | Reached skill level 8 in Shields
  7647 | D:6      | Noticed Pikel
  7680 | D:6      | Killed Pikel
  7681 | D:6      | Reached skill level 1 in Unarmed Combat
  8337 | D:7      | Found Nucidomp's Gadget Emporium.
  8524 | D:7      | Reached **** piety under Okawaru
  8617 | D:7      | Found a sand-covered staircase.
  8663 | Ossuary  | Entered an ossuary
  9073 | D:7      | Noticed Joseph
  9077 | D:7      | Noticed Joseph
  9077 | D:7      | Joseph changed into Joseph the hornet
  9082 | D:7      | Killed Joseph the hornet
  9143 | D:7      | Reached XP level 10. HP: 84/88 MP: 9/9
  9235 | D:7      | Reached skill level 5 in Maces & Flails
 10000 | D:8      | Noticed Maggie
 10006 | D:8      | Killed Maggie
 10105 | D:8      | Noticed a two-headed ogre
 10113 | D:8      | Killed a two-headed ogre
 10113 | D:8      | Reached ***** piety under Okawaru
 10114 | D:8      | Reached skill level 9 in Shields
 10124 | D:8      | Noticed Erica
 10128 | D:8      | Paralysed by Erica for 2 turns
 10133 | D:8      | Killed Erica
 10133 | D:8      | Received a gift from Okawaru
 10134 | D:8      | Reached skill level 1 in Invocations
 10185 | D:8      | Noticed a two-headed ogre
 10190 | D:8      | Killed a two-headed ogre
 10190 | D:8      | Received a gift from Okawaru
 10191 | D:8      | Reached skill level 1 in Polearms
 10193 | D:8      | Got a pair of transparent boots {god gift}
 10199 | D:8      | Identified the +1 pair of boots "Deusasmico" {rF+ Stlth+}
                  | (Okawaru gifted it to you on level 8 of the Dungeon)
 10403 | D:8      | Noticed Harold
 10405 | D:8      | Noticed Prince Ribbit
 10425 | D:8      | Killed Harold
 10444 | D:8      | Your ally died
 10853 | D:8      | Found an ornate altar of the Wu Jian Council.
 10865 | D:8      | Found a broken altar of Ashenzari.
 10868 | D:8      | Found a burning altar of Makhleb.
 10882 | D:8      | Found a snail-covered altar of Cheibriados.
 10935 | D:8      | Reached XP level 11. HP: 97/97 MP: 11/11
 11148 | D:9      | Reached skill level 10 in Armour
 11205 | D:9      | Found a staircase to the Lair.
 11231 | D:9      | Paralysed by a hornet for 3 turns
 11479 | D:9      | Reached skill level 5 in Evocations
 11929 | D:9      | Learned a level 2 spell: Blink
 12125 | D:10     | Entered Level 10 of the Dungeon
 12133 | D:10     | Noticed Grum
 12144 | D:9      | Killed Grum
 12251 | D:10     | Reached skill level 10 in Shields
 12477 | D:10     | Noticed Maurice
 12491 | D:10     | Killed Maurice
 12528 | D:10     | Found a staircase to the Orcish Mines.
 12567 | D:10     | Killed an unseen horror
 12826 | D:10     | Got a bronze ring mail
 12837 | D:10     | Identified the +5 ring mail "Pierut" {Rampage Dex-5 Slay+5}
                  | (You found it on level 10 of the Dungeon)
 13229 | D:11     | Noticed a two-headed ogre
 13238 | D:11     | Killed a two-headed ogre
 13421 | D:11     | Noticed a red ugly thing
 13436 | D:11     | Killed a red ugly thing
 13506 | D:11     | Killed an unseen horror
 13507 | D:11     | Reached skill level 11 in Shields
 13618 | D:11     | Reached skill level 10 in Fighting
 13847 | D:11     | Received a gift from Okawaru
 13860 | D:11     | Reached XP level 12. HP: 93/106 MP: 13/13
 14389 | Lair:1   | Entered Level 1 of the Lair of Beasts
 14675 | Lair:1   | Reached ****** piety under Okawaru
 14994 | Lair:1   | Noticed a five-headed hydra
 15005 | Lair:1   | Killed a five-headed hydra
 15642 | Lair:2   | Reached skill level 12 in Shields
 15654 | Lair:2   | Received a gift from Okawaru
 15673 | Lair:2   | Got a bloodstained war axe {god gift}
 15946 | Lair:1   | Identified the +6 war axe "Jeneja" {protect, +Fly rPois
                  | MP-9} (Okawaru gifted it to you on level 2 of the Lair of
                  | Beasts)
 15958 | Lair:2   | Reached skill level 5 in Invocations
 16062 | Lair:2   | You fall into a shaft and drop 1 floor!
 16208 | Lair:3   | Noticed an eight-headed hydra
 16217 | Lair:3   | Killed an eight-headed hydra
 16455 | Lair:3   | Found a staircase to the Snake Pit.
 16656 | Lair:3   | Noticed a boulder beetle
 16670 | Lair:3   | Killed a boulder beetle
 16670 | Lair:3   | Received a gift from Okawaru
 16673 | Lair:3   | Got a bone great mace {god gift}
 16684 | Lair:3   | Noticed an eight-headed hydra
 16692 | Lair:3   | Killed an eight-headed hydra
 16693 | Lair:3   | Reached skill level 10 in Maces & Flails
 16693 | Lair:3   | Reached XP level 13. HP: 97/116 MP: 15/15
 18087 | Lair:3   | Received a gift from Okawaru
 18101 | Lair:3   | Reached skill level 13 in Shields
 18859 | Lair:3   | Received a gift from Okawaru
 19143 | Lair:4   | Reached skill level 5 in Polearms
 19428 | Lair:4   | Found a staircase to the Shoals.
 19589 | Lair:4   | You fall into a shaft and drop 1 floor!
 19758 | Lair:5   | Found a staircase to the Slime Pits.
 19759 | Lair:5   | Found a viscous altar of Jiyva.
 19810 | Lair:5   | Reached XP level 14. HP: 120/127 MP: 17/17
 20526 | Lair:4   | Received a gift from Okawaru
 21927 | Lair:5   | Identified a scroll of acquirement
 21927 | Lair:5   | Acquired a manual of Armour
 21999 | Lair:6   | Entered Level 6 of the Lair of Beasts
 22022 | Lair:6   | Received a gift from Okawaru
 22182 | Lair:6   | Reached skill level 14 in Shields
 22751 | Lair:6   | Received a gift from Okawaru
 23214 | Lair:6   | Got a wavering golden ring
 23216 | Lair:6   | Identified the ring of Cimifeal {rC+ rN+ Str+3 Dex+4
                  | Slay-2} (You found it on level 6 of the Lair of Beasts)
 23316 | Lair:6   | Received a gift from Okawaru
 25080 | D:13     | Found a gate leading to a gauntlet.
 25088 | Gauntlet | Entered a Gauntlet
 25088 | Gauntlet | Found a transporter.
 25096 | Gauntlet | Found a transporter.
 25099 | Gauntlet | Found a transporter.
 25100 | Gauntlet | Found a transporter.
 25108 | Gauntlet | Found a transporter.
 25111 | Gauntlet | Found a transporter.
 25112 | Gauntlet | Found a transporter.
 25118 | Gauntlet | Found a runed translucent gate.
 25120 | Gauntlet | Found a transporter.
 25121 | Gauntlet | Found a runed translucent gate.
 25122 | Gauntlet | Found a runed translucent gate.
 25123 | Gauntlet | Found a transporter.
 25124 | Gauntlet | Found a transporter.
 25128 | Gauntlet | Found a runed translucent door.
 25128 | Gauntlet | Found a runed translucent door.
 25132 | Gauntlet | Found a transporter.
 25135 | Gauntlet | Found a transporter.
 25136 | Gauntlet | Found a transporter.
 25144 | Gauntlet | Found a transporter.
 25233 | Gauntlet | Paralysed by a floating eye for 4 turns
 25569 | D:13     | Reached XP level 15. HP: 130/136 MP: 9/19
 25878 | D:13     | You fall into a shaft and drop 2 floors!
 25878 | D:15     | Entered Level 15 of the Dungeon
 25889 | D:15     | Found a flickering gateway to a bazaar.
 25899 | Bazaar   | Entered a bazaar
 25899 | Bazaar   | Found Kuxe's Antique Armour Boutique.
 25906 | Bazaar   | Found Wuza's General Store.
 25914 | Bazaar   | Found Bouskear's Gadget Shoppe.
 25936 | Bazaar   | Found Gieceb's Magic Scroll Emporium.
 25944 | Bazaar   | Bought a scroll of fog for 18 gold pieces
 25944 | Bazaar   | Bought a scroll of holy word for 67 gold pieces
 25944 | Bazaar   | Found Qayce's Antique Weapon Emporium.
 25952 | Bazaar   | Bought a pitted hand axe for 144 gold pieces
 25953 | Bazaar   | Identified the +3 hand axe "Futaogy" {flame, *Slow +Blink
                  | Int+4} (You bought it in a shop in a bazaar)
 25966 | Bazaar   | Bought a pair of glowing gloves for 142 gold pieces
 25977 | Bazaar   | Bought a slimy chain mail for 180 gold pieces
 25993 | Bazaar   | Identified the +4 chain mail "Pecwim" {-Tele rC+ Int+2
                  | SInv} (You bought it in a shop in a bazaar)
 26743 | D:14     | Received a gift from Okawaru
 26917 | D:14     | Noticed Josephine
 26928 | D:14     | Killed Josephine
 27038 | D:14     | Reached skill level 15 in Shields
 27494 | D:14     | Found a gate to the Vaults.
 27820 | D:15     | Noticed a fire giant
 27836 | D:15     | Received a gift from Okawaru
 27845 | D:15     | Identified the +6 scale mail of Suihis {rPois rC- Str+8}
                  | (Okawaru gifted it to you on level 15 of the Dungeon)
 28033 | D:15     | Found a staircase to the Depths.
 28050 | D:15     | Killed a fire giant
 29243 | Orc:1    | Entered Level 1 of the Orcish Mines
 29243 | Orc:1    | Noticed Fannar
 29260 | Orc:1    | Killed Fannar
 29382 | Orc:1    | Noticed Gastronok
 29395 | Orc:1    | Killed Gastronok
 29564 | Orc:1    | Noticed Jorgrun
 29575 | Orc:1    | Killed Jorgrun
 29576 | Orc:1    | Reached skill level 15 in Armour
 29997 | Orc:1    | Noticed Erolcha
 30000 | Orc:1    | Killed Erolcha
 30001 | Orc:1    | Reached skill level 16 in Shields
 30067 | Orc:1    | Received a gift from Okawaru
 30072 | Orc:1    | Identified the +8 morningstar "Siwiuj" {drain, rF++}
                  | (Okawaru gifted it to you on level 1 of the Orcish Mines)
 30210 | Orc:2    | Entered Level 2 of the Orcish Mines
 30221 | Orc:2    | Found a staircase to the Elven Halls.
 30225 | Orc:2    | Found Ammot's Assorted Antiques.
 30521 | Orc:2    | Bought a scroll labelled FUDOOZ WIGHYCH for 22 gold pieces
 30521 | Orc:2    | Bought a scroll of teleportation for 66 gold pieces
 30521 | Orc:2    | Bought a scroll of teleportation for 66 gold pieces
 30521 | Orc:2    | Bought a scroll labelled QUAK VUTUDYICA for 22 gold pieces
 30770 | Orc:2    | Reached XP level 16. HP: 104/147 MP: 12/21
 31037 | Orc:2    | Reached skill level 10 in Axes
 31673 | Orc:2    | Received a gift from Okawaru
 31996 | Orc:2    | Found Dozufuseo's General Store.
 31997 | Orc:2    | Found Diddofei's Jewellery Boutique.
 31998 | Orc:2    | Found Hatodell's Antique Armour Shop.
 31998 | Orc:2    | Found Anyu's Antique Weapon Shop.
 32012 | Orc:2    | Upgraded the game from 0.26.0-8-g74fc34ddfb to
                  | 0.26.0-10-g1f06aea511
 32076 | Orc:2    | Bought 2 scrolls of acquirement for 1456 gold pieces
 32076 | Orc:2    | Acquired the ring "Rayd" {*Corrode rF+ Int+8 Slay+5 SInv}
 32077 | Orc:2    | Acquired 1061 gold pieces
 32092 | Orc:2    | Bought a pair of runed gloves for 255 gold pieces
 32108 | Orc:2    | Bought a glimmering demon whip for 620 gold pieces
 32112 | Orc:2    | Identified the +6 demon whip of the First Eyes {drain,
                  | rPois rF+ Stlth+} (You bought it in a shop on level 2 of
                  | the Orcish Mines)
 32313 | Shoals:1 | Entered Level 1 of the Shoals
 32329 | Shoals:1 | Noticed Aizul
 32352 | Shoals:1 | Killed Aizul
 32640 | Shoals:1 | Found a runed translucent door.
 33680 | Shoals:2 | Reached skill level 1 in Crossbows
 33686 | Shoals:2 | Received a gift from Okawaru
 34623 | Shoals:3 | Noticed a kraken
 35578 | Shoals:3 | Found Kidao's General Store.
 35598 | Shoals:3 | Reached skill level 17 in Shields
 35962 | Shoals:3 | Received a gift from Okawaru
 36339 | Shoals:3 | Reached skill level 15 in Fighting
 36678 | Shoals:4 | Entered Level 4 of the Shoals
 37145 | Shoals:4 | Reached skill level 5 in Dodging
 37189 | Shoals:4 | Reached XP level 17. HP: 58/156 MP: 12/23
 37217 | Shoals:4 | Got a barnacled rune of Zot
 37477 | Shoals:4 | Received a gift from Okawaru
 37844 | Shoals:4 | Reached skill level 10 in Invocations
 38119 | Shoals:4 | Received a gift from Okawaru
 38130 | Shoals:4 | Got a heavily runed hat {god gift}
 38136 | Shoals:4 | Identified the +0 hat of Negligence {Str+8} (Okawaru gifted
                  | it to you on level 4 of the Shoals)
 38213 | Shoals:4 | Found Pucixkiw's Distillery.
 38245 | Shoals:4 | Bought a potion of heal wounds for 105 gold pieces
 38245 | Shoals:4 | Bought a potion of might for 84 gold pieces
 38245 | Shoals:4 | Bought a potion of heal wounds for 105 gold pieces
 38245 | Shoals:4 | Bought a potion of might for 84 gold pieces
 38245 | Shoals:4 | Bought a potion of curing for 63 gold pieces
 38315 | Shoals:4 | Noticed Polyphemus
 38324 | Shoals:4 | Killed Polyphemus
 38325 | Shoals:4 | Reached skill level 10 in Evocations
 38503 | Shoals:4 | Noticed Donald
 38529 | Shoals:4 | Killed Donald
 38726 | Shoals:4 | Noticed a kraken
 38745 | Shoals:4 | Killed a kraken
 38942 | Shoals:4 | HP: 3/156 [merfolk javelineer/silver javelin (12)]
 38942 | Shoals:4 | Hit by a silver javelin thrown by a merfolk javelineer

Illustrated notes

Levels and vault maps discovered:
D:1:      grunt_arrival_lava_bath, layout_loops_ring, st_stairs_2
D:2:      layout_loops_ring, lemuel_round_altar, grunt_ministairs_8
D:3:      minmay_razor_zed, layout_basic, ebering_ghost_disaster_area,
          kennysheep_big_empty_room, minivault_23, uniq_terence
D:4:      layout_loops_ring, zin_academy, general_overflow_altar,
          minmay_temple_entry_purple_smoke, serial_shops, nicolae_shop_stone,
          portal_sewer_entry_f
D:5:      layout_gridville, gammafunk_ghost_split,
          nicolae_gozag_cash_rules_everything_around_me, uniq_grinder,
          uniq_edmund
D:6:      lemuel_ratsnest, layout_cave_pools, old_standard_altar, minivault_27,
          uniq_blork_the_orc, uniq_duvessa, uniq_pikel
D:7:      layout_basic, gup_ossuary_entry_pyramid, serial_shops,
          nicolae_shop_crystal, serial_bayou_ford_a, uniq_joseph
D:8:      layout_loops_cross, grunt_temple_overflow_cloverleaf,
          kennysheep_generic_room_3, uniq_erica, uniq_maggie,
          uniq_prince_ribbit1, uniq_harold
D:9:      layout_loops_corners, dpeg_oklobed_lair
D:10:     layout_gridville, david_orc_2, uniq_maurice, uniq_grum
D:11:     layout_irregular_city, minmay_door_square
D:12:     layout_rooms
D:13:     layout_stronghold, gauntlet_entry_generic
D:14:     layout_gridville, david_vaults_5, infiniplex_staircase_split_hallway,
          lemuel_flamethrower_2, uniq_josephine
D:15:     grunt_enter_depths_giant_problem, layout_basic, serial_shops,
          bzr_entry_lakeside
Temple:   cyrus_circular_temple
Lair:1:   layout_cave_shapes, serial_bayou_pond_d, lemuel_fruit_tree,
          grunt_megastairs_2, lemuel_fruit_fields
Lair:2:   layout_chaotic_city, grunt_megastairs_4
Lair:3:   nzn_winding_woodlands_stair_cross
          [nzn_winding_woodlands_5x15_lazy_stream,
          nzn_winding_woodlands_center_garden,
          nzn_winding_woodlands_5x15_crooked, nzn_winding_woodlands_5x5_default,
          nzn_winding_woodlands_5x5_closed_star,
          nzn_winding_woodlands_5x15_longhouse,
          nzn_winding_woodlands_center_lodge,
          nzn_winding_woodlands_5x15_pockets], layout_regular_city,
          guppyfry_snake_entry_garden, grunt_megastairs_3
Lair:4:   layout_cave_shapes, minmay_shoals_entry_beasts, grunt_megastairs_1
Lair:5:   layout_regular_city, slime_altar_1, beast_lair_carwin_6,
          minmay_lair_oklob_chamber, serial_bayou_shore_b
Lair:6:   minmay_lair_end_enchanted_forest, layout_regular_city
Shoals:1: layout_shoals, lightli_airlock, uniq_aizul
Shoals:2: layout_shoals, nicolae_shoals_dead_sea_scrolls
Shoals:3: layout_shoals, serial_shops, shop
Shoals:4: shoals_end_hangedman, layout_shoals, serial_shops, shop, uniq_donald,
          uniq_polyphemus
Orc:1:    layout_caves, guppyfry_library_mini, uniq_fannar, uniq_gastronok,
          uniq_erolcha, uniq_jorgrun
Orc:2:    st_orc_congregation, layout_caves, serial_shops, shop

Skill      XL: |  1  2  3  4  5  6  7  8  9 10 11 12 13 14 15 16 17 |
---------------+----------------------------------------------------+-----
Fighting       | 4 5 6 8 9 10 11 12 13 14 15 | 15.5
Shields        | 4 5 6 7 8 9 11 12 13 14 16 17 | 17.8
Axes           | 3 4 5 6 7 8 9 10 | 10.7
Armour         | 4 5 7 8 9 11 12 13 15 16 | 16.8
Dodging        | 1 2 3 4 5 |  5.1
Evocations     | 1 2 4 5 6 7 8 9 10 | 10.1
Maces & Flails | 1 4 7 9 10 11 12 | 12.8
Unarmed Combat | 1 |  1.4
Invocations    | 2 3 5 6 7 8 9 10 | 10.2
Polearms       | 1 3 5 6 |  6.8
Crossbows      | 2 3 |  3.2
Translocations | |  0.2

Action                   |  1- 3 |  4- 6 |  7- 9 | 10-12 | 13-15 | 16-18 || total
-------------------------+-------+-------+-------+-------+-------+-------++-------
Melee: War axe           |    97 |   198 |   106 |    13 |   177 |    95 ||   686
       Headbutt          |    16 |    28 |    64 |   102 |   339 |   233 ||   782
       Flail             |       |       |   257 |   512 |   973 |   289 ||  2031
       Unarmed           |       |       |    22 |       |       |       ||    22
       Lance             |       |       |       |   120 |   182 |    78 ||   380
       Demon whip        |       |       |       |       |       |   393 ||   393
 Fire: Hand crossbow     |       |       |       |       |       |    82 ||    82
 Cast: Blink             |       |       |       |       |       |     1 ||     1
Invok: Heroism           |       |       |     1 |       |     1 |       ||     2
       Finesse           |       |       |       |       |     7 |     6 ||    13
 Abil: Evoke Flight      |       |     5 |       |       |       |       ||     5
       Evoke Berserk Rag |       |       |     1 |       |       |       ||     1
Evoke: Wand              |       |       |     8 |    17 |    21 |     4 ||    50
       Phial of floods   |       |       |       |       |     1 |       ||     1
       Lightning rod     |       |       |       |       |     3 |       ||     3
  Use: Scroll            |       |     3 |     9 |     8 |    15 |    12 ||    47
       Potion            |       |     5 |     1 |     1 |       |     3 ||    10
 Stab: Paralysed         |       |       |       |    12 |       |       ||    12
       Distracted        |       |       |       |       |     1 |       ||     1
       Petrified         |       |       |       |       |       |     5 ||     5
Armor: Scale mail        |    48 |    19 |       |       |       |       ||    67
       Chain mail        |       |    60 |   137 |   257 |   195 |       ||   649
       Skin              |       |       |    10 |       |       |       ||    10
       Storm dragon scal |       |       |       |       |   124 |   199 ||   323
       Acid dragon scale |       |       |       |       |     8 |       ||     8
Dodge: Dodged            |    24 |    47 |   113 |   166 |   392 |   182 ||   924
Block: Kite shield       |    53 |   101 |   189 |   365 |  1088 |   605 ||  2401
       Reflection        |       |       |       |       |    64 |    63 ||   127
